cohdb
Replays
Latest Replays
All Replays
Popular Replays
Top Player Replays
Match Explorer
How It Works
Community
CoH3 Stats
Reddit
Sign in to upload your games and track your stats! →
Sign in with Steam
Match 44862408
Unlisted
Match 44862408
Overview
Messages
Build Orders
End
Panzergrenadier Squad
Panzergrenadier Squad
Selects Panzerjäger Kommand Battlegroup
Panzergrenadier Squad
Construct Light Support Kompanie
2.5-tonne Medical Truck
Fire Support Elements
Selects Tank Busters
Selects Blockade Equipment
Panzerjäger Mechanized Group
Veteran Squad Leaders
Flakvierling Half-track
le.IG 18 Mechanized Group
Selects Crew Shock Tactics
Selects Anti-tank Overwatch
Agent Smith
Robin Da Hood
Welian
BloodyNaura
0
0
Comments
sign in to comment!
No comments posted yet!